 Dungeon Crawl Stone Soup version 0.30.1-3-gfc49f6343a (webtiles) character file.

Game seed: 16536841991766771293

2185 croobank the Ducker (level 9, -7/74 HPs)
             Began as a Gnoll Monk on July 23, 2023.
             Was a High Priest of Ignis.
             Mangled by an orc warrior
             ... wielding a +0 glaive
              (17 damage)
             ... on level 7 of the Dungeon.
             The game lasted 00:21:32 (6357 turns).

croobank the Ducker (Gnoll Monk)                    Turns: 6357, Time: 00:21:33

Health: -7/74      AC: 11    Str: 11    XL:     9   Next: 33%
Magic:  11/15      EV: 15    Int: 14    God:    Ignis [*****.]
Gold:   464        SH:  0    Dex: 14    Spells: 7/16 levels left

rFire   + + .        k - +3 dagger (freeze)
rCold   . . .        d - orb {light}
rNeg    + . .        b - +0 robe
rPois   .            g - melded +0 helmet
rElec   .            (no cloak)
rCorr   .            h - +1 pair of gloves
SInv    .            (boots currently unavailable)
Will    .....        (no amulet)
Stlth   +            l - ring of protection from fire
HPRegen 0.32/turn    q - ring of positive energy
MPRegen 0.14/turn

%: no passive effects
@: lethally poisoned (-7 -> -11), about to teleport, appendages (expiring),
wereblooded, fiery-armoured, glowing
A: horns 2, talons 2, fangs 1, strong nose, distributed training
a: End Transformation, Renounce Religion, Fiery Armour, Foxfire Swarm, Rising
Flame


You were on level 7 of the Dungeon.
You worshipped Ignis.
Ignis was extremely pleased with you.
You had temporarily grown beastly horns and talons.
You visited 1 branch of the dungeon, and saw 8 of its levels.
You also visited: Sewer.

You collected 464 gold pieces.

Inventory:

Hand Weapons
 a - a +0 short sword
 k - a +3 dagger of freezing (weapon)
 n - a +0 war axe
 y - a +1 war axe of freezing
Missiles
 e - a curare-tipped dart
 t - 6 poisoned darts (quivered)
Armour
 b - a +0 robe (worn)
 d - an orb of light (worn)
 g - a +0 helmet (melded)
 h - a +1 pair of gloves (worn)
Jewellery
 l - a ring of protection from fire (left hand)
 q - a ring of positive energy (right hand)
 z - a ring of magical power
Wands
 r - a wand of iceblast (10)
 s - a wand of flame (1)
 A - a wand of polymorph (7)
Scrolls
 o - 2 scrolls of vulnerability
 p - a scroll of teleportation
 u - a scroll of poison
 w - 2 scrolls of identify
Potions
 c - a potion of ambrosia
 f - 7 potions of flight
 i - a potion of lignification
 j - 3 potions of curing
 m - 4 potions of brilliance
 v - 2 potions of haste
 x - 2 potions of attraction
 B - a potion of cancellation {unknown}


   Skills:
 + Level 7.9 Fighting
 + Level 7.9 Short Blades
 + Level 4.3 Long Blades
 + Level 4.3 Axes
 + Level 4.3 Maces & Flails
 + Level 4.3 Polearms
 + Level 4.3 Staves
 + Level 4.3 Ranged Weapons
 + Level 4.3 Throwing
 + Level 4.3 Armour
 + Level 7.9 Dodging
 + Level 4.3 Stealth
 + Level 4.3 Shields
 + Level 4.3 Unarmed Combat
 + Level 4.3 Spellcasting
 + Level 3.5 Conjurations
 + Level 3.5 Hexes
 + Level 3.5 Summonings
 + Level 3.5 Necromancy
 + Level 3.5 Translocations
 + Level 3.5 Transmutations
 + Level 3.5 Fire Magic
 + Level 3.5 Ice Magic
 + Level 3.5 Air Magic
 + Level 3.5 Earth Magic
 + Level 3.5 Poison Magic
 + Level 4.7 Invocations
 + Level 4.3 Evocations


You had 7 spell levels left.
You knew the following spells:

 Your Spells              Type           Power      Damage    Failure   Level
a - Beastly Appendage     Tmut           24%        N/A       4%          1
b - Wereblood             Tmut           12%        N/A       7%          2
c - Vhi's Electric Charg  Tloc/Air       24%        N/A       13%         3
d - Tukima's Dance        Hex            12%        N/A       13%         3

Your spell library contained the following spells:

 Spells                   Type           Power      Damage    Failure   Level
 Foxfire                  Conj/Fire      48%        2x1d6     4%          1
 Magic Dart               Conj           48%        1d5       4%          1
 Sublimation of Blood     Necr           12%        N/A       7%          2
 Portal Projectile        Hex/Tloc       24%        N/A       13%         3
 Spider Form              Tmut/Pois      12%        N/A       13%         3
 Arcjolt                  Conj/Air       6%         1d16      77%         5
 Blade Hands              Tmut           6%         N/A       77%         5
 Fireball                 Conj/Fire      6%         3d5       77%         5
 Plasma Beam              Fire/Air       6%         2x1d18    100%        6
 Summon Hydra             Summ           6%         N/A       100%        7


Dungeon Overview and Level Annotations

Branches:
Dungeon (8/15)             Temple (0/1) D:4           Sewer (visited)
   Lair: D:8-11

Altars:
Ashenzari
Hepliaklqana
Makhleb
Nemelex Xobeh
Qazlal
Ru
Uskayaw
Ignis

Shops:
D:5 *   D:7 =

Annotations:
D:5 Sigmund


Innate Abilities, Weirdness & Mutations

You have temporarily grown beastly horns and talons.
You have very sharp teeth.
Your uncanny sense of smell can sniff out nearby items.
Your experience applies equally to all skills.


Message History

The orc warrior completely misses you. The orc warrior barely misses you.
You hit the orc warrior but do no damage.
You claw the orc warrior. Your bite misses the orc warrior.
The orc warrior is heavily wounded.
The scorpion barely misses you.
The iguana bites you but does no damage.
The iguana is burned by your cloak of flames.
The iguana is severely wounded.
You hit the orc warrior but do no damage.
You claw the orc warrior, but do no damage.
You bite the orc warrior, but do no damage.
The orc warrior is heavily wounded.
The orc warrior closely misses you. The scorpion stings you.
* * * LOW HITPOINT WARNING * * *
You are poisoned.
The scorpion poisons you!
The scorpion is burned by your cloak of flames.
The scorpion is moderately wounded.
The orc warrior barely misses you.
As you read the scroll of teleportation, it crumbles to dust.
You feel strangely unstable.
You feel sick.
The iguana bites you but does no damage.
The iguana is burned by your cloak of flames.
You feel a bit better.
You kill the iguana!
The scorpion stings you but does no damage.
The scorpion is burned by your cloak of flames.
The scorpion is heavily wounded.
The orc warrior hits you with a +0 dire flail.
* * * LOW HITPOINT WARNING * * *
The orc warrior is burned by your cloak of flames.
The orc warrior is moderately wounded.
The orc warrior hits you with a +0 glaive!
* * * LOW HITPOINT WARNING * * *
The orc warrior is burned by your cloak of flames.
The orc warrior is severely wounded.
You howl as the wereblood boils in your veins!
You feel sick.
The orc warrior hits you from afar with a +0 glaive!
You die...

#..[...... .### #.######## ...##
#.# . ... #...# . ##.#.# ###
#....##.## #..#.#...#. #....#..#
#..#.#.#∩#. #..o##.# ##..#.#.###.
. #os†#.###...#.#∆.. ∆
#..###@#..##...# ####
#.....#..#....# ...
####.....##...########
#.#####.##..........( ### #.#
#................
########.###.#####.##.#.#######.
##.......#.##.......##.#....####.
#..._...###.#########..........#.
..8.......##.# #.###.###..#.


You could see 2 orc warriors and a scorpion.

Vanquished Creatures
  A hornet (D:7)
  Eustachio (D:6)
  A water moccasin (D:7)
  A sky beast (D:7)
  2 black bears
  An ice beast (D:7)
  An ogre (D:4)
  2 centaurs
  A kobold brigand (Sewer)
  A bullfrog (D:7)
  A scorpion (D:5)
  3 electric eels (D:7)
  A howler monkey (D:6)
  6 hounds
  2 jellies
  2 orc priests (D:4)
  A sleepcap (D:6)
  2 iguanas
  3 orc wizards
  11 gnolls
  5 adders
  3 river rats (Sewer)
  A shadow imp (D:6)
  A white imp (D:7)
  An ufetubus (D:7)
  A worm (D:5)
  2 dart slugs (D:1)
  6 orcs
  A bat (D:1)
  6 endoplasms
  5 giant cockroaches
  5 goblins
  5 hobgoblins
  10 jackals
  7 kobolds
  A quokka (D:2)
  6 ball pythons
  5 frilled lizards
  6 rats
121 creatures vanquished.

Vanquished Creatures (others)
  A bullfrog (D:7)
1 creature vanquished.

Grand Total: 122 creatures vanquished

Notes
Turn   | Place    | Note
-------+----------+-------------------------------------------
     0 | D:1      | croobank the Gnoll Monk began the quest for the Orb.
     0 | D:1      | Reached XP level 1. HP: 23/23 MP: 1/1
   184 | D:1      | Reached XP level 2. HP: 29/29 MP: 2/2
   353 | D:1      | Reached XP level 3. HP: 34/35 MP: 3/3
   784 | D:2      | Reached skill level 1 in Invocations
   945 | D:2      | Reached skill level 1 in Long Blades
   945 | D:2      | Reached skill level 1 in Axes
   945 | D:2      | Reached skill level 1 in Maces & Flails
   945 | D:2      | Reached skill level 1 in Polearms
   945 | D:2      | Reached skill level 1 in Staves
   945 | D:2      | Reached skill level 1 in Ranged Weapons
   945 | D:2      | Reached skill level 1 in Throwing
   945 | D:2      | Reached skill level 1 in Armour
   945 | D:2      | Reached skill level 1 in Stealth
   945 | D:2      | Reached skill level 1 in Shields
   945 | D:2      | Reached skill level 1 in Unarmed Combat
   945 | D:2      | Reached skill level 1 in Spellcasting
   945 | D:2      | Reached skill level 1 in Evocations
  1162 | D:1      | Reached XP level 4. HP: 41/41 MP: 5/5
  1693 | D:2      | Reached skill level 1 in Conjurations
  1693 | D:2      | Reached skill level 1 in Hexes
  1693 | D:2      | Reached skill level 1 in Summonings
  1693 | D:2      | Reached skill level 1 in Necromancy
  1693 | D:2      | Reached skill level 1 in Translocations
  1693 | D:2      | Reached skill level 1 in Transmutations
  1693 | D:2      | Reached skill level 1 in Fire Magic
  1693 | D:2      | Reached skill level 1 in Ice Magic
  1693 | D:2      | Reached skill level 1 in Air Magic
  1693 | D:2      | Reached skill level 1 in Earth Magic
  1693 | D:2      | Reached skill level 1 in Poison Magic
  2182 | D:3      | Found a glowing drain.
  2219 | Sewer    | Entered a sewer
  2228 | Sewer    | Reached XP level 5. HP: 47/47 MP: 5/7
  2310 | Sewer    | Noticed a kobold brigand
  2324 | Sewer    | Killed a kobold brigand
  2390 | Sewer    | Found a glowing silver altar of Zin.
  2529 | D:3      | Noticed a golden eye
  2531 | D:3      | Found a faded altar of an unknown god.
  2533 | D:3      | Noticed a floating eye
  2533 | D:3      | Noticed a floating eye
  2533 | D:3      | Noticed a great orb of eyes
  2553 | D:3      | Prayed at the altar of an unknown god.
  2553 | D:3      | Became a worshipper of Ignis, the Dying Flame
  2553 | D:3      | Reached ****** piety under Ignis
  2978 | D:4      | Found a staircase to the Ecumenical Temple.
  3013 | D:4      | Reached XP level 6. HP: 49/53 MP: 8/8
  3021 | D:4      | Got the Volume of Power
  3618 | D:4      | Reached XP level 7. HP: 48/60 MP: 10/10
  3794 | D:5      | Entered Level 5 of the Dungeon
  3816 | D:5      | Noticed Sigmund
  4002 | D:5      | You fall into a shaft and drop 3 floors!
  4029 | D:8      | Noticed a kobold demonologist
  4179 | D:6      | Reached XP level 8. HP: 58/67 MP: 12/12
  4603 | D:5      | Found Ycyhulag's Overcharged Wands.
  4661 | D:5      | Found a burning altar of Makhleb.
  4663 | D:5      | Noticed a blizzard demon
  4769 | D:6      | Noticed Eustachio
  4797 | D:6      | Killed Eustachio
  5540 | D:7      | Reached XP level 9. HP: 59/73 MP: 13/15
  5654 | D:7      | Noticed a hornet
  5657 | D:7      | Paralysed by a hornet for 3 turns
  5666 | D:7      | Killed a hornet
  6131 | D:7      | Found a sparkling altar of Nemelex Xobeh.
  6131 | D:7      | Found a sacrificial altar of Ru.
  6140 | D:7      | Found a broken altar of Ashenzari.
  6143 | D:7      | Found a stormy altar of Qazlal.
  6145 | D:7      | Found a hide-covered altar of Uskayaw.
  6150 | D:7      | Found a hazy altar of Hepliaklqana.
  6258 | D:7      | Found Jibboff's Jewellery Boutique.
  6327 | D:7      | Learned a level 1 spell: Beastly Appendage
  6330 | D:7      | Learned a level 2 spell: Wereblood
  6334 | D:7      | Learned a level 3 spell: Vhi's Electric Charge
  6338 | D:7      | Learned a level 3 spell: Tukima's Dance
  6357 | D:7      | Mangled by an orc warrior

Illustrated notes

Levels and vault maps discovered:
D:1:      lemuel_arrival_cross, layout_loops_ring
D:2:      layout_loops_cross, kennysheep_donut
D:3:      layout_basic, portal_sewer_entry_d,
          hellmonk_ecumenical_altar_watching_god
D:4:      layout_rooms, minmay_temple_entry_sparse_star, dreamdust_gnoll_farm
D:5:      layout_basic, makhleb_altar_promises_db,
          nicolae_shop_overcharged_wands, uniq_sigmund
D:6:      layout_loops_ring, uniq_eustachio
D:7:      minmay_evil_eye, layout_loops_ring,
          nicolae_overflow_hallway_of_the_gods, nicolae_inconvenience_store,
          minmay_misc_feat_enclosed, serial_bayou_lagoon_b
D:8:      layout_basic

Skill      XL: |  1  2  3  4  5  6  7  8 |
---------------+-------------------------+-----
Invocations    | 1 2 3 4 |  4.7
Long Blades    | 1 2 3 4 |  4.3
Axes           | 1 2 3 4 |  4.3
Maces & Flails | 1 2 3 4 |  4.3
Polearms       | 1 2 3 4 |  4.3
Staves         | 1 2 3 4 |  4.3
Ranged Weapons | 1 2 3 4 |  4.3
Throwing       | 1 2 3 4 |  4.3
Armour         | 1 2 3 4 |  4.3
Stealth        | 1 2 3 4 |  4.3
Shields        | 1 2 3 4 |  4.3
Unarmed Combat | 1 2 3 4 |  4.3
Spellcasting   | 1 2 3 4 |  4.3
Evocations     | 1 2 3 4 |  4.3
Conjurations   | 1 2 3 |  3.5
Hexes          | 1 2 3 |  3.5
Summonings     | 1 2 3 |  3.5
Necromancy     | 1 2 3 |  3.5
Translocations | 1 2 3 |  3.5
Transmutations | 1 2 3 |  3.5
Fire Magic     | 1 2 3 |  3.5
Ice Magic      | 1 2 3 |  3.5
Air Magic      | 1 2 3 |  3.5
Earth Magic    | 1 2 3 |  3.5
Poison Magic   | 1 2 3 |  3.5
Fighting       | 7 |  7.9
Short Blades   | 7 |  7.9
Dodging        | 7 |  7.9

Action                     |  1- 3 |  4- 6 |  7- 9 || total
---------------------------+-------+-------+-------++-------
  Melee: Short sword       |   134 |   222 |    32 ||   388
         Bite              |    18 |    26 |    40 ||    84
         Dagger            |       |       |   247 ||   247
         Kick              |       |       |     6 ||     6
         Headbutt          |       |       |     2 ||     2
  Throw: Throwing net      |       |     2 |       ||     2
         Dart              |       |       |     5 ||     5
   Cast: Tukima's Dance    |       |       |     1 ||     1
         Beastly Appendage |       |       |     1 ||     1
         Wereblood         |       |       |     1 ||     1
 Invoke: Fiery Armour      |       |       |     3 ||     3
  Evoke: Wand              |       |       |     4 ||     4
    Use: Scroll            |     4 |     9 |     4 ||    17
         Potion            |       |     6 |     1 ||     7
   Stab: Held in net/web   |       |     1 |       ||     1
 Armour: Robe              |    19 |    38 |    58 ||   115
  Dodge: Dodged            |    74 |   143 |   156 ||   373
